 Dungeon Crawl Stone Soup version 0.31-a0-466-g98c9adc2b6 (webtiles) character file.

Game seed: 5151961376644296906

86 horus123 the Digger (level 4, -5/33 HPs)
             Began as a Draconian Earth Elementalist on Aug 6, 2023.
             Slain by Grinder (8 damage)
             ... on level 3 of the Dungeon.
             The game lasted 00:03:39 (2688 turns).

horus123 the Digger (Draconian Earth Elementalist)  Turns: 2688, Time: 00:03:40

Health: -5/33      AC:  7    Str: 17    XL:     4   Next: 26%
Magic:  0/7        EV: 12    Int: 17    God:
Gold:   156        SH:  0    Dex: 11    Spells: 3/7 levels left

rFire   . . .        l - +2 short sword (flame)
rCold   . . .        (no shield)
rNeg    . . .        (body armour unavailable)
rPois   .            (helmet restricted)
rElec   .            n - +0 cloak
rCorr   .            (no gloves)
SInv    .            k - +0 pair of boots
Will    .....        (no amulet)
Stlth   ++           c - ring of wizardry
HPRegen 0.25/turn    d - +6 ring of strength
MPRegen 0.10/turn

%: wizardry (x1)
@: no status effects
A: AC +5, unfitting armour, cold-blooded
a: no special abilities


You were on level 3 of the Dungeon.
You visited 1 branch of the dungeon, and saw 3 of its levels.

You collected 156 gold pieces.

Inventory:

Hand Weapons
 l - a +2 short sword of flaming (weapon)
Armour
 k - a +0 pair of boots (worn)
 n - a +0 cloak (worn)
Jewellery
 c - a ring of wizardry (left hand)
 d - a +6 ring of strength (right hand)
Scrolls
 b - a scroll of fear {unknown}
 e - 2 scrolls of identify {unknown}
 i - a scroll of immolation {unknown}
 j - a scroll of revelation {unknown}
 o - a scroll of amnesia {unknown}
Potions
 a - a potion of magic
 f - 4 potions of might {unknown}
 g - a potion of curing {unknown}
 h - 2 potions of lignification {unknown}
 m - 2 potions of attraction {unknown}


   Skills:
 - Level 1.7 Dodging
 - Level 1.7 Stealth
 - Level 2.0 Spellcasting
 - Level 1.0 Transmutations
 + Level 5.1 Earth Magic


You had 3 spell levels left.
You knew the following spells:

 Your Spells              Type           Power      Damage    Failure   Level
a - Sandblast             Erth           38%        2d10      1%          1
b - Stone Arrow           Conj/Erth      20%        3d8       9%          3

Your spell library contained the following spells:

 Spells                   Type           Power      Damage    Failure   Level
 Passwall                 Tmut/Erth      10%        N/A       3%          2
 Summon Small Mammal      Summ           4%         N/A       8%          1
 Call Canine Familiar     Summ           1%         N/A       22%         3
 Summon Guardian Golem    Hex/Summ       1%         N/A       22%         3
 Petrify                  Tmut/Erth      12%        N/A       21%         4


Dungeon Overview and Level Annotations

Branches:
Dungeon (3/15)

Altars:

Shops:
D:1 (*(

Annotations:
D:3 Grinder


Innate Abilities, Weirdness & Mutations

Your plain brown scales are hard. (AC +5)
You cannot fit into any form of body armour.
You are cold-blooded and may be slowed by cold attacks.


Message History

The blast of sand hits Grinder!
Grinder is severely wounded.
Grinder gestures at you. Pain shoots through your body!
Aiming: Sandblast (safe; 1% risk of failure)
Press: ? - help, Q - select action Shift-Dir - straight line, f/p - Grinder
Aim: Grinder (severely wounded, 80% to hit)
The blast of sand hits Grinder.
Grinder is severely wounded.
Unknown command.
Aiming: Sandblast (safe; 1% risk of failure)
Press: ? - help, Q - select action Shift-Dir - straight line, f/p - Grinder
Aim: Grinder (severely wounded, 80% to hit)
The blast of sand misses Grinder.
Grinder says, "Don't move a muscle."
Grinder hits you!
* * * LOW HITPOINT WARNING * * *
You writhe in agony.
* * * LOW HITPOINT WARNING * * *
Grinder gestures at you.
You suddenly lose the ability to move!
Grinder gestures at you.
You shrug off the repeated paralysis!
Grinder hits you but does no damage.
You can move again.
Unknown command.
Aiming: Sandblast (safe; 1% risk of failure)
Press: ? - help, Q - select action Shift-Dir - straight line, f/p - Grinder
Aim: Grinder (severely wounded, 80% to hit)
The blast of sand hits Grinder.
Grinder is severely wounded.
Grinder barely misses you.
Aiming: Sandblast (safe; 1% risk of failure)
Press: ? - help, Q - select action Shift-Dir - straight line, f/p - Grinder
Aim: Grinder (severely wounded, 80% to hit)
The blast of sand misses Grinder.
Grinder barely misses you.
Grinder says, "At least Makhleb appreciates what I'm doing."
Grinder hits you!
You die...

...................##
............###.......##
.......................
......###.†............#
..... #...........##.#
#..####.#+#..........#
#.....## ##.........+
##...## ##.5......#
##'## ##@##....# ##...##
#...# .... ##.....##
#.....# ... #...8...#
#.......# ##.....##
##.....## ##...##
##...## ##'## ##+##
##...## ##.....##


You could see Grinder.

Vanquished Creatures
  2 adders (D:2)
  2 worms (D:2)
  A dart slug (D:2)
  7 ball pythons
  9 bats
  3 endoplasms (D:2)
  A giant cockroach (D:1)
  5 goblins
  4 hobgoblins
  4 jackals (D:2)
  4 quokkas
  4 frilled lizards
  2 kobolds
  5 rats
53 creatures vanquished.

Notes
Turn   | Place    | Note
-------+----------+-------------------------------------------
     0 | D:1      | horus123 the Draconian Earth Elementalist began the quest
                  | for the Orb.
     0 | D:1      | Reached XP level 1. HP: 14/14 MP: 3/3
   118 | D:1      | Found Zathariogg's Assorted Antiques.
   253 | D:1      | Found Wocroob's Weapon Boutique.
   420 | D:1      | Reached XP level 2. HP: 20/20 MP: 3/5
   932 | D:1      | Reached skill level 4 in Earth Magic
   976 | D:1      | Found Atziq's Weapon Shop.
  1221 | D:2      | Reached XP level 3. HP: 26/26 MP: 4/6
  1225 | D:2      | Learned a level 3 spell: Stone Arrow
  1725 | D:2      | Found a faded altar of an unknown god.
  1735 | D:2      | Reached skill level 5 in Earth Magic
  1735 | D:2      | Reached XP level 4. HP: 33/33 MP: 3/7
  2677 | D:3      | Noticed Grinder
  2684 | D:3      | HP: 1/33 [Grinder (4)]
  2684 | D:3      | Paralysed by Grinder for 3 turns
  2688 | D:3      | Slain by Grinder

Illustrated notes

Levels and vault maps discovered:
D:1:      matt_arrival_refuge, layout_loops_corners, serial_shops, shop,
          nicolae_shop_tiny_statue_garden, shop, minivault_23
D:2:      layout_basic, shapermc_ecumenical_altar_starsandcircs,
          minmay_misc_feat_pillars, minmay_pentomino_pile
D:3:      layout_basic, trog_book, okawaru_metal_pillars_3,
          nicolae_hexahallways, uniq_grinder

Skill      XL: |  1  2  3 |
---------------+----------+-----
Earth Magic    | 4 5 |  5.1
Dodging        | |  1.7
Stealth        | |  1.7
Spellcasting   | |  2.0
Transmutations | |  1.0

Action                     |  1- 3 |  4- 6 || total
---------------------------+-------+-------++-------
  Melee: Whip              |     5 |       ||     5
   Cast: Sandblast         |    60 |    19 ||    79
 Armour: Skin              |     9 |     1 ||    10
  Dodge: Dodged            |    18 |     2 ||    20

Table legend: (Time is in decaauts)
 A = Elapsed time spent in this place.
 B = Non-inter-level travel time spent in this place.
 C = Inter-level travel time spent in this place.
 D = Time resting spent in this place.
 E = Time spent auto-exploring this place.
 F = Levels seen in this place.
 G = Mean time per level.
                   A        B        C        D        E       F      G
               +--------+--------+--------+--------+--------+-----+--------+
         Total |   2725 |   2644 |     81 |      0 |   2257 |   3 |  908.3 |
       Dungeon |   2725 |   2644 |     81 |      0 |   2257 |   3 |  908.3 |
               +--------+--------+--------+--------+--------+-----+--------+

Top non-repeatable levels by time:
     D:2: 1464 daAuts
     D:1: 1200 daAuts
     D:3: 61 daAuts
